 Dungeon Crawl Stone Soup version v3.01-hellcrawl-49-g287a20f (webtiles) character file.

74 Implojin the Cudgeler (level 5, -10/41 HPs)
             Began as a Mummy Fighter on Apr 9, 2017.
             Was an Initiate of Okawaru.
             Killed by divine providence
             ... invoked by an orc priest
              (12 damage)
             ... on level 3 of the Dungeon.
             The game lasted 00:05:49 (2791 turns).

Implojin the Cudgeler (Mummy Fighter)               Turns: 2791, Time: 00:05:49

Health: -10/41     AC: 14 (34%)Str: 19  XL:     5   Next: 39%
Magic:  9/9        EV:  4    Int:  8    God:    Okawaru [......]
Gold:   206        SH:  8    Dex: 12    Spells: 4/4 levels left

rFire    x . .     SeeInvis .   a - +0 flail
rCold    + . .     Faith    .   c - +0 shield
rNeg     + + +     Spirit   .   n - +0 chain mail
rPois    ∞         Reflect  .   k - +0 Maxwell's etheric cage {RegenMP+ *Contam rElec MP+4}
rElec    +                      (no cloak)
rCorr    .                      (no gloves)
MR       .....                  p - +0 pair of boots
Stlth    ..........             (no amulet)
Regen    0.2/turn               u - +3 ring of protection
MPRegen  0.2/turn               (no ring)

@: no status effects
A: no food or potions, fire vulnerability, cold resistance 1, negative energy
resistance 3, torment resistance, unbreathing
a: Renounce Religion


You were on level 3 of the Dungeon.
You worshipped Okawaru.
Okawaru was noncommittal.
You were not hungry.

You visited 1 branch of the dungeon, and saw 3 of its levels.

You collected 206 gold pieces.

Inventory:

Hand Weapons
 a - a +0 flail (weapon)
 m - a +0 hunting sling
Missiles
 d - 62 poisoned darts
 e - 95 bolts
 f - 45 tomahawks (quivered)
 h - 461 stones
 t - 79 sling bullets
Armour
 b - a +0 scale mail
 c - a +0 shield (worn)
 k - the +0 Maxwell's etheric cage (worn) {RegenMP+ *Contam rElec MP+4}
   (You took it off Robin on level 2 of the Dungeon)

   It insulates you from electricity.
   It affects your magic capacity (+4).
   It causes magical contamination when unequipped.
 l - a +0 ring mail
 n - a +0 chain mail (worn)
 p - a +0 pair of boots (worn)
Jewellery
 s - a +6 ring of intelligence
   (You found it on level 3 of the Dungeon)
 u - a +3 ring of protection (left hand)
   (You found it on level 3 of the Dungeon)
Wands
 o - a wand of digging (6)
Scrolls
 g - 4 scrolls of amnesia
 j - a scroll of enchant weapon
 q - a scroll of magic mapping
 r - 2 scrolls of teleportation


   Skills:
 - Level 3.0 Fighting
 * Level 4.7 Maces & Flails
 - Level 2.4 Armour
 - Level 2.4 Shields


You had 4 spell levels left.
You didn't know any spells.

Dungeon Overview and Level Annotations

Branches:
Dungeon (3/15)

Altars:
Elyvilon
Gozag
Hepliaklqana
Kikubaaqudgha
Nemelex Xobeh
Okawaru
Vehumet
Xom
Jiyva


Innate Abilities, Weirdness & Mutations

You do not eat or drink.
Your flesh is vulnerable to fire.
You are immune to poison.
Your flesh is cold resistant. (rC+)
You are immune to negative energy. (rN+++)
You are immune to unholy pain and torment.
You can survive without breathing.


Message History

You closely miss the orc.
The orc is severely wounded.
You block the orc's attack.
You closely miss the orc.
The orc is severely wounded.
The orc barely misses you.
You thump the orc (7)!
You kill the orc!
Okawaru accepts your kill.
You sock the orc (10)!
You kill the orc!
Okawaru accepts your kill.
Items here: ))) [[ ††
Items here: ))) [[ ††
Okay, then.
Okay, then.
There is a stone staircase leading down here.
Found a potion of curing.
A frilled lizard comes into view.
The frilled lizard hisses angrily.
A frilled lizard is nearby!
The frilled lizard barely misses you.
You see here 6 gold pieces.
You closely miss the frilled lizard.
The frilled lizard bites you but does no damage.
Your shield and chain mail prevent you from hitting the frilled lizard.
The frilled lizard bites you but does no damage. x2
You sock the frilled lizard (7)!
You kill the frilled lizard!
Okawaru accepts your kill.
You see here a frilled lizard corpse.
You now have 201 gold pieces (gained 6).
You see here a frilled lizard corpse.
Found a stone staircase leading down.
You now have 206 gold pieces (gained 5).
Found a stone staircase leading down.
u - a +3 ring of protection Put on which piece of jewellery? (? for menu, Esc to quit)
Put ring on which hand? (Esc to cancel) < - no ring (left); > - no ring (right)
u - a +3 ring of protection (left hand)
An orc priest comes into view. It is wielding a +0 hand axe.
Found 80 stones and 5 gold pieces.
An orc priest is nearby!
An orc priest is nearby!
The orc priest calls down the wrath of Beogh upon you.
Beogh smites you (12)!
Throwing (i - inventory. (,) - cycle):
d - 63 poisoned darts (quivered)
Press: ? - help, Shift-Dir - straight line, f - orc priest
Aim: an orc priest, wielding a +0 hand axe You throw a poisoned dart.
The poisoned dart hits the orc priest (1).
The orc priest is poisoned.
An orc comes into view.
Quiver which item? (- for none, * to show all) (? for menu, Esc to quit)
Quivering
f - 47 tomahawks for throwing.
Throwing (i - inventory. (,) - cycle):
f - 47 tomahawks (quivered)
Press: ? - help, Shift-Dir - straight line, f/p - orc priest
Aim: an orc priest, wielding a +0 hand axe (poisoned)
You throw a tomahawk. The orc shouts!
The tomahawk hits the orc priest but does no damage.
An orc comes into view. It is wielding a +0 club.
Throwing (i - inventory. (,) - cycle):
f - 46 tomahawks (quivered)
Press: ? - help, Shift-Dir - straight line, f/p - orc priest
Aim: an orc priest, wielding a +0 hand axe (lightly wounded, poisoned)
You throw a tomahawk. The orc shouts!
The tomahawk hits the orc priest but does no damage.
The orc priest is lightly wounded.
An orc comes into view.
The orc shouts!
You hit the orc priest (3).
The orc priest is moderately wounded.
The orc priest hits you with a +0 hand axe (2).
You closely miss the orc priest.
The orc priest is heavily wounded.
The orc priest invokes the aid of Beogh against you.
Beogh smites you (13)!
* * * LOW HITPOINT WARNING * * *
Unknown command.
You hit the orc priest (5).
The orc priest is almost dead.
The orc priest looks more healthy.
The orc priest calls down the wrath of Beogh upon you.
Beogh smites you (9)!
* * * LOW HITPOINT WARNING * * *
You closely miss the orc priest.
The orc priest is almost dead.
The orc priest hits you with a +0 hand axe (5).
* * * LOW HITPOINT WARNING * * *
Evoke which item? (* to show all) (? for menu, Esc to quit)
Okay, then.
As you read the scroll of fear, it crumbles to dust.
You assume a fearsome visage.
The orc looks frightened! x2
The orc priest looks frightened!
The orc looks frightened!
The orc priest begins to cast a cantrip, but forgets the words!
The orc priest calls down the wrath of Beogh upon you.
Beogh smites you (12)!
You die...

##################
#.................
#.################ #.#
#### #.# #... #.#
######.## #@#
##......# #.#
........#
#.#####.........#
#####...............#
#........#..........#
#...................#
#(.......##.........##
#..o.....# #####.....
#....>..... ..........


You could see an orc priest.

Vanquished Creatures
  Robin (D:2)
  A gnoll (D:3)
  5 adders
  2 dart slugs
  6 orcs (D:3)
  6 quokkas
  10 bats
  3 giant cockroaches (D:2)
  18 goblins
  10 hobgoblins
  3 jackals (D:3)
  4 ball pythons
  12 frilled lizards
  15 kobolds
  9 rats
  2 plants (D:1)
107 creatures vanquished.

Vanquished Creatures (others)
  A plant (D:1)
1 creature vanquished.

Grand Total: 108 creatures vanquished

Notes
Turn   | Place    | Note
-------+----------+-------------------------------------------
     0 | D:1      | Implojin the Mummy Fighter began the quest for the Orb.
     0 | D:1      | Reached XP level 1. HP: 18/18 MP: 1/1
    22 | D:1      | Reached skill level 2 in Maces & Flails
   157 | D:1      | Reached XP level 2. HP: 24/24 MP: 2/2
   383 | D:1      | Reached XP level 3. HP: 24/29 MP: 3/3
   404 | D:1      | Reached skill level 3 in Maces & Flails
  1090 | D:2      | Found an iron altar of Okawaru.
  1094 | D:2      | Found a white marble altar of Elyvilon.
  1101 | D:2      | Became a worshipper of Warmaster Okawaru
  1111 | D:2      | Reached XP level 4. HP: 35/35 MP: 4/4
  1181 | D:2      | Noticed Robin
  1205 | D:2      | Killed Robin
  1458 | D:2      | Reached skill level 4 in Maces & Flails
  1686 | D:2      | Found a shimmering altar of Xom.
  1687 | D:2      | Found a shimmering altar of Xom.
  1687 | D:2      | Found a shimmering altar of Xom.
  1688 | D:2      | Found a shimmering altar of Xom.
  1688 | D:2      | Found a faded altar of an unknown god.
  1688 | D:2      | Found a shimmering altar of Xom.
  1689 | D:2      | Found a shimmering altar of Xom.
  1689 | D:2      | Found a viscous altar of Jiyva.
  1690 | D:2      | Found an ancient bone altar of Kikubaaqudgha.
  1922 | D:2      | Found a hazy altar of Hepliaklqana.
  2063 | D:2      | Reached XP level 5. HP: 41/41 MP: 5/5
  2246 | D:3      | Found a sparkling altar of Nemelex Xobeh.
  2275 | D:3      | Found a radiant altar of Vehumet.
  2433 | D:3      | Found an opulent altar of Gozag.
  2785 | D:3      | HP: 6/41 [orc priest/divine providence (9)]
  2786 | D:3      | HP: 1/41 [orc priest/+0 hand axe (5)]
  2791 | D:3      | Killed from afar by an orc priest

Skill      XL: |  1  2  3  4 |
---------------+-------------+-----
Maces & Flails | 2 3 4 |  4.7
Fighting       | |  3.0
Armour         | |  2.4
Shields        | |  2.4

Action                   |  1- 3 |  4- 6 || total
-------------------------+-------+-------++-------
Melee: Flail             |   205 |   219 ||   424
Throw: Tomahawk          |       |     2 ||     2
       Poisoned dart     |       |     1 ||     1
  Use: Scroll            |       |     1 ||     1
Armor: Scale mail        |    90 |    64 ||   154
       Chain mail        |       |    64 ||    64
Dodge: Dodged            |    67 |    51 ||   118
Block: Shield            |   107 |   127 ||   234

Vault maps used:
D:1:      onia_arrival_pentagram, lexackson_kobold_supper
D:2:      old_standard_altar, overflow_temple_1_default,
          okawaru_metal_pillars_3, ecumenical_temple_of_chaos, uniq_robin
D:3:      fiery_altar_vehumet, nemelex_altar_shiori, lemuel_crystal_altar

Table legend:
 A = Turns spent in this place as a percentage of turns spent in the entire game.
 B = Non-inter-level travel turns spent in this place as a percentage of non-inter-level travel turns spent in the entire game.
 C = Inter-level travel turns spent in this place as a percentage of turns spent in this place.
 D = Turns resting spent in this place as a percentage of non-inter-level travel turns spent in this place.
 E = Turns spent auto-exploring this place as a percentage of non-inter-level travel turns spent in this place.
 F = Non-inter-level travel turns spent in this place divided by the number of levels of this place that you've seen.
                   A       B       C       D       E      F
               +-------+-------+-------+-------+-------+----------------------
         Total | 100.0 | 100.0 |   0.2 |   1.0 |   6.7 | 358.7
       Dungeon | 100.0 | 100.0 |   0.2 |   1.0 |   6.7 | 358.7
               +-------+-------+-------+-------+-------+----------------------

Table legend:
 A = Kills in this place as a percentage of kills in entire the game.
 B = Kills by you in this place as a percentage of kills by you in the entire game.
 C = Kills by friends in this place as a percentage of kills by friends in the entire game.
 D = Other kills in this place as a percentage of other kills in the entire game.
 E = Experience gained in this place as a percentage of experience gained in the entire game.
 F = Experience gained in this place divided by the number of levels of this place that you have seen.
                   A       B       C       D       E      F
               +-------+-------+-------+-------+-------+----------------------
         Total | 100.0 | 100.0 |  -nan |  -nan | 100.0 |  89.7
       Dungeon | 100.0 | 100.0 |  -nan |  -nan | 100.0 |  89.7
               +-------+-------+-------+-------+-------+----------------------
